 Dungeon Crawl Stone Soup version 0.27-a0-906-g0a00ce8 (webtiles) character file.

Game seed: 9058139100124374293

1628 Nithhogg the Disciple of Destruction (level 8, -17/63 HPs)
             Began as a Demonspawn Fighter on Apr 7, 2021.
             Was a Follower of Makhleb.
             Demolished by a sun demon (19 damage)
             ... summoned by a kobold demonologist
             ... on level 6 of the Dungeon.
             The game lasted 00:10:08 (6564 turns).

Nithhogg the Disciple of Destruction (DsFi)         Turns: 6564, Time: 00:10:08

Health: -17/63     AC: 12    Str: 19    XL:     8   Next: 65%
Magic:  12/12      EV:  6    Int:  9    God:    Makhleb [*.....]
Gold:   349        SH: 10    Dex: 13    Spells: 7/7 levels left

rFire    . . .     SeeInvis +   a - +0 long sword
rCold    . . .     Faith    .   c - +0 kite shield
rNeg     . . .     Spirit   .   s - +0 chain mail
rPois    .         Reflect  .   (no helmet)
rElec    .         Harm     +   i - scarf {harm}
rCorr    .         Rampage  .   (no gloves)
Will     .....                  (no boots)
Stlth    ..........             (no amulet)
HPRegen  0.20/turn              k - ring of see invisible
MPRegen  0.13/turn              (no ring)

@: mighty
A: hooves 2, sharp scales 3, demonic magic 1
a: Renounce Religion


You were on level 6 of the Dungeon.
You worshipped Makhleb.
Makhleb was aware of your devotion.
You visited 2 branches of the dungeon, and saw 7 of its levels.

You collected 349 gold pieces.

Inventory:

Hand Weapons
 a - a +0 long sword (weapon)
Missiles
 o - 11 atropa-tipped darts (quivered)
Armour
 c - a +0 kite shield (worn)
 i - a scarf of harm (worn)
 s - a +0 chain mail (worn)
Jewellery
 k - a ring of see invisible (left hand)
Wands
 j - a wand of mindburst (9)
 t - a wand of acid (10)
Scrolls
 e - 2 scrolls of amnesia
 h - 3 scrolls of teleportation
 n - 3 scrolls of identify
Potions
 b - a potion of invisibility {unknown}
 d - 3 potions of might
 f - 2 potions of curing
 g - a potion of magic {unknown}
 m - 2 potions of heal wounds {unknown}
 p - 4 potions of haste {unknown}
 q - a potion of cancellation {unknown}
 r - a potion of brilliance {unknown}
 u - a potion of lignification {unknown}


   Skills:
 + Level 5.4 Fighting
 + Level 4.4 Long Blades
 + Level 4.8 Armour
 + Level 3.8 Dodging
 + Level 4.9 Shields
 + Level 5.6 Invocations


You had 7 spell levels left.
You didn't know any spells.
Your spell library contained the following spells:

 Spells                   Type           Power      Damage    Failure   Level
 Animate Skeleton         Necr           0%         N/A       100%        1
 Apportation              Tloc           0%         N/A       100%        1
 Beastly Appendage        Tmut           0%         N/A       100%        1
 Corona                   Hex            0%         N/A       100%        1
 Summon Small Mammal      Summ           0%         N/A       100%        1
 Wereblood                Tmut           0%         N/A       100%        2
 Spider Form              Tmut/Pois      0%         N/A       100%        3
 Ice Form                 Ice/Tmut       0%         N/A       100%        4
 Hydra Form               Tmut           0%         N/A       100%        5


Dungeon Overview and Level Annotations

Branches:
Dungeon (6/15)             Temple (1/1) D:4

Altars:
Ashenzari
Fedhas
Makhleb
Ru
Sif Muna
Wu Jian
Yredelemnul
Zin

Shops:
D:5 :((   D:6 (

Annotations:
D:3 1 runed translucent door


Innate Abilities, Weirdness & Mutations

You have hoof-like feet.
You are completely covered in razor-sharp scales. (AC +3, Slay +3)
Spells you cast may paralyse adjacent enemies.


Message History

You block the ogre's attack.
You slash the ogre!
You kill the ogre!
Makhleb accepts your kill.
The kobold demonologist gestures wildly while chanting.
You block the ufetubus's attack. The ufetubus barely misses you.
You closely miss the ufetubus. You kick the ufetubus!
You kill the ufetubus!
The shadow imp grinds its teeth.
The hound bites you.
You closely miss the hound. You kick the hound!
The hound is severely wounded.
The hound bites you. You block the hound's attack.
You barely miss the hound. You kick the hound.
You kill the hound!
Makhleb accepts your kill.
You feel better.
The kobold demonologist gestures wildly while chanting.
The hound bites you but does no damage.
The kobold demonologist casts a spell.
You barely miss the hound. You kick the hound!
The hound is almost dead.
The hound bites you.
You hit the sun demon. You kick the sun demon!
The sun demon is moderately wounded.
The sun demon hits you but does no damage.
You barely miss the sun demon. You kick the sun demon!
The sun demon is heavily wounded.
You block the sun demon's attack. The shadow imp puffs mist at you.
You hit the sun demon but do no damage.
The sun demon is heavily wounded.
The sun demon hits you!
You are engulfed in flames!!
The sun demon barely misses you.
You are too injured to fight recklessly!
As you read the scroll of summoning, it crumbles to dust.
Wisps of shadow whirl around you... The sun demon hits you!!
* * * LOW HITPOINT WARNING * * *
You are engulfed in flames!
You die...

.......#.............##..##...#
......................#..##..##
........####.....####.#..##..#
##.####.#[.##...##5/#.#..##..#
##.####.#...##.##h5.#.#...#..#
........##...#.#KO3##.#..##..#
.........##.†#n#)3##..#..##..#
..........###.Z3###...#......#
####.#........8.@.O..........#
#######...###.5.###..........#
...#<....## +#.#+
##..#..##..#### ...#....## #.#
##.#####...... ...'....# ##.##
#.# #...... ...#....# ##...##
#.# #..####
######..####.....####.# #..# #
#................# ##..#
#.....................# #...#


You could see a sun demon (summoned, ally target), a friendly ogre (summoned), a
friendly necrophage (summoned), a friendly white imp (summoned) and a friendly
howler monkey zombie (summoned).

Vanquished Creatures
  The ghost of Nithhogg the Skirmisher, an amateur DsFi (D:3)
  An ice beast (D:6)
  A black bear (D:6)
  A necrophage (D:5)
  A hornet zombie (D:6)
  5 ogres
  2 centaurs (D:5)
  2 scorpions
  A centaur zombie (D:6)
  2 hounds
  2 bullfrog skeletons (D:6)
  An orc wizard (D:3)
  A hound skeleton (D:4)
  A mummy (D:6)
  2 howler monkey zombies
  11 adders
  A shadow imp (D:6)
  3 worms (D:3)
  2 dart slugs (D:2)
  6 orcs
  16 ball pythons
  12 endoplasms
  4 giant cockroaches
  7 goblins
  8 hobgoblins
  11 jackals
  5 quokkas
  6 bats
  4 frilled lizards
  3 hobgoblin zombies (D:6)
  6 kobolds
  An orc zombie (D:6)
  2 rats
132 creatures vanquished.

Notes
Turn   | Place    | Note
-------+----------+-------------------------------------------
     0 | D:1      | Nithhogg the Demonspawn Fighter began the quest for the
                  | Orb.
     0 | D:1      | Reached XP level 1. HP: 18/18 MP: 1/1
     7 | D:1      | Found a faded altar of an unknown god.
   251 | D:1      | Gained mutation: You are partially covered in razor-sharp
                  | scales. (AC +1, Slay +1) [demonic ancestry]
   251 | D:1      | Reached XP level 2. HP: 11/24 MP: 2/2
   591 | D:1      | Reached skill level 1 in Invocations
   595 | D:1      | Gained mutation: You have large cloven feet. [demonic
                  | ancestry]
   595 | D:1      | Reached XP level 3. HP: 29/29 MP: 3/3
  1490 | D:2      | Reached skill level 1 in Dodging
  1490 | D:2      | Gained mutation: You have hoof-like feet. [demonic
                  | ancestry]
  1490 | D:2      | Reached XP level 4. HP: 25/35 MP: 5/5
  2425 | D:3      | Found a runed translucent door.
  2430 | D:3      | Noticed Nithhogg's ghost (amateur DsFi)
  2446 | D:3      | Killed Nithhogg's ghost
  2447 | D:3      | Reached XP level 5. HP: 23/42 MP: 5/7
  2449 | D:3      | Gained mutation: You are mostly covered in razor-sharp
                  | scales. (AC +2, Slay +2) [demonic ancestry]
  2449 | D:3      | Reached XP level 6. HP: 27/48 MP: 5/8
  2622 | D:3      | Found a runed translucent door.
  3025 | D:4      | Found a staircase to the Ecumenical Temple.
  3077 | Temple   | Entered the Ecumenical Temple
  3087 | Temple   | Became a worshipper of Makhleb the Destroyer
  4253 | D:5      | Entered Level 5 of the Dungeon
  4346 | D:5      | Found Ucamothry's Antique Weapon Emporium.
  4348 | D:5      | Found Yfafum's Weapon Emporium.
  4465 | D:5      | Reached * piety under Makhleb
  4466 | D:5      | Gained mutation: Spells you cast may paralyse adjacent
                  | enemies. [demonic ancestry]
  4466 | D:5      | Reached XP level 7. HP: 21/55 MP: 9/9
  5444 | D:5      | Found Iggiwn's Book Shop.
  5525 | D:6      | Gained mutation: You are completely covered in razor-sharp
                  | scales. (AC +3, Slay +3) [demonic ancestry]
  5525 | D:6      | Reached XP level 8. HP: 16/61 MP: 11/11
  5959 | D:6      | Reached skill level 5 in Fighting
  5966 | D:6      | Reached skill level 5 in Invocations
  6247 | D:6      | Found Koohu's Antique Weapon Emporium.
  6552 | D:6      | Noticed a kobold demonologist
  6556 | D:6      | Noticed a sun demon
  6559 | D:6      | Noticed a sun demon
  6559 | D:6      | Noticed a sun demon
  6564 | D:6      | HP: 2/63 [sun demon[a kobold demonologist] (25)]
  6564 | D:6      | Demolished by a sun demon

Illustrated notes

Levels and vault maps discovered:
D:1:      scummos_arrival_hexagon, layout_rooms, basic_ecumenical_altar,
          st_stairs_10, minmay_pentomino_v4
D:2:      layout_basic
D:3:      layout_rooms, ebering_ghost_sewer_f, chequers_serial_rivers_micro_a,
          guppyfry_early_lair_pool
D:4:      layout_cave_pods, minmay_temple_entry_sparse_star,
          gup_sewer_entry_bubbles
D:5:      layout_basic, serial_shops, nicolae_shop_competitors_out_of_business,
          nicolae_shop_statue_plus, nicolae_shop_behind_doors
D:6:      cheibrodos_barr_body, layout_gridville, serial_shops, shop,
          minmay_mini_ossuary
Temple:   compressed_dpeg_circular_temple

Skill      XL: |  1  2  3  4  5  6  7  8 |
---------------+-------------------------+-----
Long Blades    | 2 3 4 |  4.4
Shields        | 3 4 |  4.9
Invocations    | 1 2 3 4 5 |  5.6
Armour         | 3 4 |  4.8
Dodging        | 1 2 3 |  3.8
Fighting       | 4 5 |  5.4

Action                   |  1- 3 |  4- 6 |  7- 9 || total
-------------------------+-------+-------+-------++-------
Melee: Long sword        |   102 |   112 |    91 ||   305
       Kick              |     9 |    24 |    38 ||    71
  Use: Potion            |       |     2 |     1 ||     3
       Scroll            |       |     7 |     1 ||     8
Armor: Scale mail        |    70 |    54 |    27 ||   151
       Chain mail        |       |       |    16 ||    16
Dodge: Dodged            |    38 |    46 |    29 ||   113
Block: Kite shield       |    55 |    64 |    55 ||   174
       Rpst.: Long sword |    14 |    16 |    10 ||    40

Table legend: (Time is in decaauts)
 A = Elapsed time spent in this place.
 B = Non-inter-level travel time spent in this place.
 C = Inter-level travel time spent in this place.
 D = Time resting spent in this place.
 E = Time spent auto-exploring this place.
 F = Levels seen in this place.
 G = Mean time per level.
                   A        B        C        D        E       F      G
               +--------+--------+--------+--------+--------+-----+--------+
         Total |   6754 |   6621 |    133 |    535 |   4791 |   7 |  964.9 |
       Dungeon |   6734 |   6601 |    133 |    535 |   4791 |   6 | 1122.3 |
        Temple |     20 |     20 |      0 |      0 |      0 |   1 |   20.0 |
               +--------+--------+--------+--------+--------+-----+--------+

Top non-repeatable levels by time:
     D:2: 1357 daAuts
     D:4: 1324 daAuts
     D:5: 1243 daAuts
     D:6: 1112 daAuts
     D:1: 961 daAuts
     D:3: 734 daAuts
  Temple: 20 daAuts
